| TOP OF THE 1ST |
|
West Virginia Black Bears batting - Pitching for Williamsport Crosscutters : LHP Mario Arango
|
|
Pitching: LHP Mario Arango
|
|
|
Batting: RHB Terrence Wilson
|
0-0: Foul Ball, location: 2F 0-1: Called Strike 0-2: Ball 1-2: Ball 2-2: Ball 3-2: Base on Balls
|
|
Batting: RHB Brandon White
|
0-0: Called Strike 0-1: Ball 1-1: Ball 2-1: Foul Ball, location: 2F 2-2: Ground out 6-3 (Groundball, 6, EV 82.5 MPH) Terrence Wilson to second
|
|
Batting: RHB Etsuro Hosokawa
|
0-0: Ball 1-0: Called Strike Terrence Wilson is caught stealing 3rd base 2-5 1-1: Swinging Strike 1-2: Strikes out looking
|
| Top of the 1st over - 0 runs, 0 hits, 0 errors, 0 left on base; West Virginia 0 - Williamsport 0 |
| BOTTOM OF THE 1ST |
|
Williamsport Crosscutters batting - Pitching for West Virginia Black Bears : LHP Ben Buerck
|
|
Pitching: LHP Ben Buerck
|
|
|
Batting: RHB Robby Adair
|
0-0: Swinging Strike 0-1: Swinging Strike 0-2: Foul Ball, location: 2F 0-2: Strikes out swinging
|
|
Batting: RHB Marcus Carter
|
0-0: Called Strike 0-1: Ball 1-1: Ball 2-1: Ball 3-1: Called Strike 3-2: Ground out 4-3 (Groundball, 4, EV 84.4 MPH)
|
|
Batting: RHB Tak-keung Chieu
|
0-0: Foul Ball, location: 2F 0-1: Ball 1-1: Foul Ball, location: 2F 1-2: Foul Ball, location: 2F 1-2: Foul Ball, location: 2F 1-2: SINGLE (Line Drive, 3D, EV 97.5 MPH)
|
|
Batting: LHB Matt Calitri
|
Pickoff Throw to First - Out! 1-3
|
| Bottom of the 1st over - 0 runs, 1 hit, 0 errors, 0 left on base; West Virginia 0 - Williamsport 0 |
| TOP OF THE 2ND |
|
West Virginia Black Bears batting - Pitching for Williamsport Crosscutters : LHP Mario Arango
|
|
Batting: LHB Gregg Kellerman
|
0-0: Called Strike 0-1: Ground out U3 (Groundball, 34, EV 96.9 MPH)
|
|
Batting: RHB Rick Pittman
|
0-0: Swinging Strike 0-1: Ball 1-1: Ball 2-1: Foul Ball, location: 2F 2-2: Foul Ball, location: 2F 2-2: Reached on error, E2 (Groundball, 15S, EV 69.4 MPH)
|
|
Batting: RHB Perry Dominey
|
0-0: Called Strike 0-1: Foul Ball, location: 2F 0-2: Ball 1-2: Ball 2-2: Strikes out swinging
|
|
Batting: RHB Melvin Durland
|
0-0: Ball 1-0: Swinging Strike 1-1: Called Strike 1-2: Strikes out swinging
|
| Top of the 2nd over - 0 runs, 0 hits, 1 error, 1 left on base; West Virginia 0 - Williamsport 0 |
| BOTTOM OF THE 2ND |
|
Williamsport Crosscutters batting - Pitching for West Virginia Black Bears : LHP Ben Buerck
|
|
Batting: LHB Matt Calitri
|
0-0: Ball 1-0: Fly out, F6 (Popup, 6S, EV 67.5 MPH)
|
|
Batting: RHB Josh Baker
|
0-0: Ball 1-0: Fly out, F8 (Flyball, 8LXD, EV 97.5 MPH)
|
|
Batting: LHB Brent Dutcher
|
0-0: Ball 1-0: Foul Ball, location: 2F 1-1: DOUBLE (Groundball, 5L, EV 98.8 MPH)
|
|
Batting: RHB Bryan Alfaro
|
0-0: Ball 1-0: Ground out 5-3 (Groundball, 5S, EV 85.6 MPH)
|
| Bottom of the 2nd over - 0 runs, 1 hit, 0 errors, 1 left on base; West Virginia 0 - Williamsport 0 |
| TOP OF THE 3RD |
|
West Virginia Black Bears batting - Pitching for Williamsport Crosscutters : LHP Mario Arango
|
|
Batting: RHB Ken Manser
|
0-0: Ball 1-0: Foul Ball, location: 2F 1-1: Fly out, F9 (Flyball, 9D, EV 96.2 MPH)
|
|
Batting: RHB Alex Arzate
|
0-0: Ball 1-0: Ball 2-0: Ball 3-0: Called Strike 3-1: SINGLE (Groundball, 56D, EV 98.1 MPH)
|
|
Batting: RHB Terrence Wilson
|
0-0: Ball 1-0: Called Strike Alex Arzate is caught stealing 2nd base 2-4 1-1: Foul Ball, location: 2F 1-2: Strikes out looking
|
| Top of the 3rd over - 0 runs, 1 hit, 0 errors, 0 left on base; West Virginia 0 - Williamsport 0 |
| BOTTOM OF THE 3RD |
|
Williamsport Crosscutters batting - Pitching for West Virginia Black Bears : LHP Ben Buerck
|
|
Batting: RHB Phil Knox
|
0-0: Ball 1-0: Foul Ball, location: 2F 1-1: Ball 2-1: Called Strike 2-2: Ball 3-2: Foul Ball, location: 2F 3-2: Foul Ball, location: 2F 3-2: SINGLE (Groundball, 25, EV 72.5 MPH) (infield hit)
|
|
Batting: RHB Leon Edwards
|
0-0: Ball 1-0: Foul Ball, location: 2F 1-1: Swinging Strike 1-2: Strikes out looking
|
|
Batting: RHB Robby Adair
|
0-0: Ball 1-0: Foul Ball, location: 2F 1-1: Foul Ball, location: 2F 1-2: DOUBLE (Flyball, 8RXD, EV 107.5 MPH) Phil Knox to third
|
|
Batting: RHB Marcus Carter
|
0-0: Called Strike 0-1: Foul Ball, location: 2F 0-2: Strikes out swinging
|
|
Batting: RHB Tak-keung Chieu
|
0-0: Called Strike 0-1: Ball 1-1: Called Strike 1-2: Strikes out swinging
|
| Bottom of the 3rd over - 0 runs, 2 hits, 0 errors, 2 left on base; West Virginia 0 - Williamsport 0 |
| TOP OF THE 4TH |
|
West Virginia Black Bears batting - Pitching for Williamsport Crosscutters : LHP Mario Arango
|
|
Batting: RHB Brandon White
|
0-0: Called Strike 0-1: Ball 1-1: Ground out 6-3 (Groundball, 56, EV 92.5 MPH)
|
|
Batting: RHB Etsuro Hosokawa
|
0-0: Swinging Strike 0-1: Ball 1-1: Swinging Strike 1-2: Foul Ball, location: 2F 1-2: Ball 2-2: Ball 3-2: Foul Ball, location: 2F 3-2: Foul Ball, location: 2F 3-2: Strikes out swinging
|
|
Batting: LHB Gregg Kellerman
|
0-0: Ball 1-0: Ball 2-0: Ball 3-0: Base on Balls
|
|
Batting: RHB Rick Pittman
|
0-0: Called Strike 0-1: Ball 1-1: Foul Ball, location: 2F 1-2: Foul Ball, location: 2F 1-2: Ball 2-2: Foul Ball, location: 2F 2-2: Strikes out swinging
|
| Top of the 4th over - 0 runs, 0 hits, 0 errors, 1 left on base; West Virginia 0 - Williamsport 0 |
| BOTTOM OF THE 4TH |
|
Williamsport Crosscutters batting - Pitching for West Virginia Black Bears : LHP Ben Buerck
|
|
Batting: LHB Matt Calitri
|
0-0: Ground out 4-3 (Groundball, 4, EV 80.0 MPH)
|
|
Batting: RHB Josh Baker
|
0-0: Ball 1-0: Ball 2-0: Foul Ball, location: 2F 2-1: Foul Ball, location: 2F 2-2: Ball 3-2: Foul Ball, location: 2F 3-2: Ground out 6-3 (Groundball, 6M, EV 78.8 MPH)
|
|
Batting: LHB Brent Dutcher
|
0-0: Ball 1-0: Ground out 4-3 (Groundball, 4M, EV 79.4 MPH)
|
| Bottom of the 4th over - 0 runs, 0 hits, 0 errors, 0 left on base; West Virginia 0 - Williamsport 0 |
| TOP OF THE 5TH |
|
West Virginia Black Bears batting - Pitching for Williamsport Crosscutters : LHP Mario Arango
|
|
Batting: RHB Perry Dominey
|
0-0: Ball 1-0: Called Strike 1-1: Ball 2-1: Ground out 5-3 (Groundball, 56S, EV 83.8 MPH)
|
|
Batting: RHB Melvin Durland
|
0-0: Swinging Strike 0-1: Foul Ball, location: 2F 0-2: Foul Ball, location: 2F 0-2: Strikes out swinging
|
|
Batting: RHB Ken Manser
|
0-0: Called Strike 0-1: Ball 1-1: Ball 2-1: Ball 3-1: Base on Balls
|
|
Batting: RHB Alex Arzate
|
0-0: Ball 1-0: Ground out 4-3 (Groundball, 34, EV 80.6 MPH)
|
| Top of the 5th over - 0 runs, 0 hits, 0 errors, 1 left on base; West Virginia 0 - Williamsport 0 |
| BOTTOM OF THE 5TH |
|
Williamsport Crosscutters batting - Pitching for West Virginia Black Bears : LHP Ben Buerck
|
|
Batting: RHB Bryan Alfaro
|
0-0: Ball 1-0: Ground out 6-3 (Groundball, 6, EV 77.5 MPH)
|
|
Batting: RHB Phil Knox
|
0-0: Foul Ball, location: 2F 0-1: Called Strike 0-2: Ball 1-2: Foul Ball, location: 2F 1-2: Ball 2-2: Ball 3-2: Ground out 6-3 (Groundball, 6, EV 100.6 MPH)
|
|
Batting: RHB Leon Edwards
|
0-0: Ground out U3 (Groundball, 13, EV 80.0 MPH)
|
| Bottom of the 5th over - 0 runs, 0 hits, 0 errors, 0 left on base; West Virginia 0 - Williamsport 0 |
| TOP OF THE 6TH |
|
West Virginia Black Bears batting - Pitching for Williamsport Crosscutters : LHP Mario Arango
|
|
Batting: RHB Terrence Wilson
|
0-0: SINGLE (Groundball, 6MD, EV 100.0 MPH)
|
|
Batting: RHB Brandon White
|
0-0: Foul Ball, location: 2F 0-1: Ball 1-1: Called Strike 1-2: Hit by Pitch Terrence Wilson to second
|
|
Batting: RHB Etsuro Hosokawa
|
0-0: Ball 1-0: SINGLE (Line Drive, 7LS, EV 101.9 MPH) Terrence Wilson to third Brandon White to second
|
|
Batting: LHB Gregg Kellerman
|
0-0: Called Strike 0-1: Ball 1-1: Called Strike 1-2: Ball 2-2: Foul Ball, location: 2F 2-2: SINGLE (Groundball, 34D, EV 94.4 MPH) Terrence Wilson scores Brandon White to third Etsuro Hosokawa to second Runner from 3rd tries for Home, SAFE, throw by RF to home
|
|
Pitching: RHP Danny Felan
|
|
|
Batting: RHB Rick Pittman
|
0-0: Called Strike 0-1: Foul Ball, location: 2F 0-2: Ball 1-2: Ball 2-2: Strikes out swinging
|
|
Batting: RHB Perry Dominey
|
0-0: Ball Etsuro Hosokawa steals 3rd base 1-0: Ball 2-0: Ground out 5-3 (Groundball, 56, EV 90.0 MPH) Gregg Kellerman to second
|
|
Batting: LHB Carlos Vega
|
0-0: Ball 1-0: Ball 2-0: Foul Ball, location: 2F 2-1: Ball 3-1: Base on Balls
|
|
Batting: RHB Ken Manser
|
0-0: SINGLE (Groundball, 6M, EV 100.0 MPH) (infield hit) Etsuro Hosokawa scores Gregg Kellerman to third Carlos Vega to second
|
|
Batting: RHB Alex Arzate
|
0-0: Called Strike 0-1: Swinging Strike 0-2: Ball 1-2: Ball 2-2: Foul Ball, location: 2F 2-2: Ball 3-2: Base on Balls Gregg Kellerman scores Carlos Vega to third Ken Manser to second
|
|
Batting: RHB Terrence Wilson
|
0-0: Called Strike 0-1: Swinging Strike 0-2: Strikes out swinging
|
| Top of the 6th over - 4 runs, 4 hits, 0 errors, 3 left on base; West Virginia 4 - Williamsport 0 |
| BOTTOM OF THE 6TH |
|
Williamsport Crosscutters batting - Pitching for West Virginia Black Bears : LHP Ben Buerck
|
|
Batting: RHB Robby Adair
|
0-0: Ball 1-0: Ball 2-0: Called Strike 2-1: Called Strike 2-2: Foul Ball, location: 2F 2-2: SINGLE (Groundball, 4D, EV 110.6 MPH)
|
|
Batting: RHB Marcus Carter
|
0-0: Ball 1-0: Ball 2-0: Foul Ball, location: 2F 2-1: Grounds into double play, 5-4-3 (Groundball, 56S, EV 76.2 MPH)
|
|
Batting: RHB Tak-keung Chieu
|
0-0: Called Strike 0-1: Ground out 6-3 (Groundball, 6, EV 86.2 MPH)
|
| Bottom of the 6th over - 0 runs, 1 hit, 0 errors, 0 left on base; West Virginia 4 - Williamsport 0 |
| TOP OF THE 7TH |
|
West Virginia Black Bears batting - Pitching for Williamsport Crosscutters : RHP Danny Felan
|
|
Batting: RHB Brandon White
|
0-0: Swinging Strike 0-1: Foul Ball, location: 2F 0-2: Strikes out swinging
|
|
Batting: RHB Etsuro Hosokawa
|
0-0: Foul Ball, location: 2F 0-1: Ball 1-1: Swinging Strike 1-2: Strikes out swinging
|
|
Batting: LHB Gregg Kellerman
|
0-0: Ball 1-0: Ball 2-0: Ball 3-0: Called Strike 3-1: Foul Ball, location: 2F 3-2: Foul Ball, location: 2F 3-2: Strikes out swinging
|
| Top of the 7th over - 0 runs, 0 hits, 0 errors, 0 left on base; West Virginia 4 - Williamsport 0 |
| BOTTOM OF THE 7TH |
|
Williamsport Crosscutters batting - Pitching for West Virginia Black Bears : LHP Ben Buerck
|
|
Now in LF: Perry Dominey
|
|
|
Now in RF: Ruben Garza
|
|
|
Batting: LHB Matt Calitri
|
0-0: Ball 1-0: Ball 2-0: Called Strike 2-1: Ball 3-1: Swinging Strike 3-2: Ground out 4-3 (Groundball, 4, EV 90.0 MPH)
|
|
Pitching: RHP Frank Morris
|
|
|
Batting: RHB Josh Baker
|
0-0: Called Strike 0-1: Fly out, F8 (Flyball, 8LD, EV 98.1 MPH)
|
|
Batting: LHB Brent Dutcher
|
0-0: Ball 1-0: Ball 2-0: Ball 3-0: Called Strike 3-1: Base on Balls
|
|
Batting: RHB Bryan Alfaro
|
0-0: Ball 1-0: Called Strike 1-1: Foul Ball, location: 2F 1-2: Foul Ball, location: 2F 1-2: Strikes out looking
|
| Bottom of the 7th over - 0 runs, 0 hits, 0 errors, 1 left on base; West Virginia 4 - Williamsport 0 |
| TOP OF THE 8TH |
|
West Virginia Black Bears batting - Pitching for Williamsport Crosscutters : RHP Danny Felan
|
|
Pitching: RHP Stewart Wilson
|
|
|
Batting: RHB Rick Pittman
|
0-0: SINGLE (Groundball, 6MD, EV 109.4 MPH)
|
|
Batting: RHB Perry Dominey
|
0-0: Bunted foul 0-1: Bunted foul 0-2: Ball 1-2: Ball 2-2: Foul Ball, location: 2F 2-2: Ball 3-2: Foul Ball, location: 2F 3-2: Foul Ball, location: 2F 3-2: Foul Ball, location: 2F 3-2: Foul Ball, location: 2F 3-2: Base on Balls Rick Pittman to second
|
|
Batting: LHB Carlos Vega
|
0-0: Swinging Strike 0-1: Ball 1-1: Fielders Choice at 2nd, 5-4 (Groundball, 5, EV 88.1 MPH) Rick Pittman to third
|
|
Batting: RHB Ken Manser
|
0-0: Ball 1-0: Foul Ball, location: 2F 1-1: Called Strike 1-2: Foul Ball, location: 2F 1-2: Fielders Choice at 2nd, 5-4 (Groundball, 56, EV 106.9 MPH) Rick Pittman scores
|
|
Batting: RHB Alex Arzate
|
0-0: Called Strike Ken Manser steals 2nd base 0-1: Ball 1-1: SINGLE (Groundball, 34D, EV 103.1 MPH) Ken Manser to third Throwing error, E9 Ken Manser scores Alex Arzate to second
|
|
Batting: RHB Terrence Wilson
|
0-0: Ball 1-0: Ball 2-0: Ball 3-0: Swinging Strike 3-1: Base on Balls
|
|
Batting: RHB Brandon White
|
0-0: Ball Wild Pitch! Alex Arzate to third Terrence Wilson to second 1-0: Foul Ball, location: 2F 1-1: Ball 2-1: Ball 3-1: Base on Balls
|
|
Batting: LHB Ruben Garza
|
0-0: Ball 1-0: Ball 2-0: Ball 3-0: Called Strike 3-1: Swinging Strike 3-2: Foul Ball, location: 2F 3-2: Strikes out swinging
|
| Top of the 8th over - 2 runs, 2 hits, 1 error, 3 left on base; West Virginia 6 - Williamsport 0 |
| BOTTOM OF THE 8TH |
|
Williamsport Crosscutters batting - Pitching for West Virginia Black Bears : RHP Frank Morris
|
|
Batting: RHB Phil Knox
|
0-0: Ball 1-0: Foul Ball, location: 2F 1-1: Ground out 6-3 (Groundball, 6, EV 103.1 MPH)
|
|
Batting: RHB Leon Edwards
|
0-0: Ground out 5-3 (Groundball, 5S, EV 67.5 MPH)
|
|
Batting: RHB Robby Adair
|
0-0: Ball 1-0: Called Strike 1-1: Ball 2-1: SINGLE (Groundball, 56D, EV 108.8 MPH)
|
|
Batting: RHB Marcus Carter
|
0-0: Ball 1-0: Swinging Strike 1-1: Foul Ball, location: 2F 1-2: Foul Ball, location: 2F 1-2: Strikes out swinging, 2-3 out at first.
|
| Bottom of the 8th over - 0 runs, 1 hit, 0 errors, 1 left on base; West Virginia 6 - Williamsport 0 |
| TOP OF THE 9TH |
|
West Virginia Black Bears batting - Pitching for Williamsport Crosscutters : RHP Stewart Wilson
|
|
Batting: LHB Gregg Kellerman
|
0-0: Ball 1-0: Called Strike 1-1: Ball 2-1: Foul Ball, location: 2F 2-2: Fly out, F8 (Flyball, 8RD, EV 108.1 MPH)
|
|
Batting: RHB Rick Pittman
|
0-0: Called Strike 0-1: Foul Ball, location: 2F 0-2: Ball 1-2: Ball 2-2: Strikes out swinging
|
|
Batting: RHB Perry Dominey
|
0-0: Ball 1-0: Ball 2-0: TRIPLE (Flyball, 78XD, EV 111.2 MPH)
|
|
Batting: LHB Carlos Vega
|
0-0: Called Strike 0-1: Foul Ball, location: 2F 0-2: Ground out U3 (Groundball, 3S, EV 67.5 MPH)
|
| Top of the 9th over - 0 runs, 1 hit, 0 errors, 1 left on base; West Virginia 6 - Williamsport 0 |
| BOTTOM OF THE 9TH |
|
Williamsport Crosscutters batting - Pitching for West Virginia Black Bears : RHP Frank Morris
|
|
Batting: RHB Tak-keung Chieu
|
0-0: Foul Ball, location: 2F 0-1: Ball 1-1: Called Strike 1-2: Ball 2-2: Foul Ball, location: 2F 2-2: Fly out, F8 (Flyball, 89D, EV 104.4 MPH)
|
|
Pitching: LHP Juan Villegas
|
|
|
Batting: LHB Matt Calitri
|
0-0: Foul Ball, location: 2F 0-1: Swinging Strike 0-2: Strikes out swinging
|
|
Batting: RHB Josh Baker
|
0-0: Called Strike 0-1: Swinging Strike 0-2: Strikes out swinging
|
| Bottom of the 9th over - 0 runs, 0 hits, 0 errors, 0 left on base; West Virginia 6 - Williamsport 0 |
|